 Seeded DCSS version 0.30.1-5-ged363bc7ee (webtiles) character file.

Game seed: 6351066067085065685 (custom seed)

611 Esekla the Thaumaturge (level 7, -11/36 HPs)
             Began as a Deep Elf Wanderer on Sept 20, 2023.
             Was a Believer of Vehumet.
             Mangled by an ogre
             ... wielding a +0 giant club
              (28 damage)
             ... on level 5 of the Dungeon.
             The game lasted 00:26:07 (4329 turns).

Esekla the Thaumaturge (Deep Elf Wanderer)          Turns: 4329, Time: 00:26:08

Health: -11/36     AC:  4    Str: 11    XL:     7   Next: 20%
Magic:  18/21      EV: 11    Int: 20    God:    Vehumet [**....]
Gold:   276        SH:  4    Dex: 11    Spells: 13/23 levels left

rFire   . . .        a - +2 dagger (vamp)
rCold   . . .        d - +0 buckler
rNeg    . . .        c - +0 robe
rPois   .            k - +0 helmet
rElec   .            (no cloak)
rCorr   .            j - +0 pair of gloves
SInv    .            (no boots)
Will    .....        y - amulet of magic regeneration
Stlth   ++           (no ring)
HPRegen 0.26/turn    (no ring)
MPRegen 0.57/turn

%: no passive effects
@: very slightly contaminated
A: no striking features
a: Renounce Religion


You were on level 5 of the Dungeon.
You worshipped Vehumet.
Vehumet was pleased with you.
You visited 1 branch of the dungeon, and saw 6 of its levels.

You collected 276 gold pieces.

Inventory:

Hand Weapons
 a - a +2 vampiric dagger (weapon)
 r - a +0 trident
 s - the +5 rapier of the Hero {heavy, rN+ Dex+3}
   (You found it on level 3 of the Dungeon)

   Dex:       It affects your dexterity (+3).
   rN:        It protects you from negative energy.
Missiles
 D - 4 poisoned darts (quivered)
Armour
 c - a +0 robe (worn)
 d - a +0 buckler (worn)
 j - a +0 pair of gloves (worn)
 k - a +0 helmet (worn)
Jewellery
 y - an amulet of magic regeneration (around neck)
Wands
 o - a wand of roots (9)
 A - a wand of flame (15)
Scrolls
 g - 5 scrolls of identify {unknown}
 m - a scroll of enchant armour {unknown}
 p - 2 scrolls of blinking {unknown}
 q - a scroll of immolation {unknown}
 t - 3 scrolls of enchant weapon {unknown}
 u - 2 scrolls of fear
 v - a scroll of summoning {unknown}
 w - a scroll of silence {unknown}
 x - a scroll of magic mapping {unknown}
 B - a scroll of fog {unknown}
 C - 2 scrolls of amnesia {unknown}
Potions
 b - 2 potions of lignification
 e - a potion of ambrosia {unknown}
 f - 2 potions of attraction {unknown}
 h - a potion of heal wounds {unknown}
 i - 5 potions of curing {unknown}
 l - a potion of mutation {unknown}
 n - a potion of haste {unknown}
 z - 3 potions of brilliance {unknown}


   Skills:
 + Level 1.5 Short Blades
 + Level 0.6 Throwing
 * Level 2.0 Dodging
 + Level 1.9 Stealth
 + Level 2.0 Shields
 * Level 8.9 Spellcasting
 + Level 1.3 Conjurations
 * Level 3.1 Necromancy
 + Level 2.8 Translocations
 + Level 1.0 Invocations


You had 13 spell levels left.
You knew the following spells:

 Your Spells              Type           Power      Damage    Failure   Level
a - Magic Dart            Conj           56%        1d5       6%          1
b - Blink                 Tloc           40%        N/A       5%          2
d - Vampiric Draining     Necr           21%        2d7       9%          3
p - Apportation           Tloc           40%        N/A       3%          1
t - Teleport Other        Tloc           20%        N/A       11%         3

Your spell library contained the following spells:

 Spells                   Type           Power      Damage    Failure   Level
 Static Discharge         Conj/Air       22%        2-3/arc   13%         2
 Lesser Beckoning         Tloc           40%        N/A       5%          2
 Gell's Gravitas          Tloc           20%        N/A       11%         3
 Ignite Poison            Fire/Tmut/Pois 8%         N/A       32%         3
 Spider Form              Tmut/Pois      8%         N/A       32%         3
 Cause Fear               Hex            4%         N/A       73%         4
 Summon Mana Viper        Hex/Summ       8%         N/A       97%         5


Dungeon Overview and Level Annotations

Branches:
Dungeon (6/15)
 Temple: D:4-7

Altars:
Dithmenos
Hepliaklqana
Okawaru
Qazlal
Trog
Vehumet
Zin
The Shining One

Shops:
D:2 =   D:4 (

Annotations:
D:2 black bear


Message History

Throw: 6 darts (poison)
Press: ? - help, Q - select action, (/) - cycle Shift-Dir - straight line, f/p - ogre
Aim: an ogre, wielding a +0 giant club (lightly wounded, poisoned, 71% to hit)
You throw a poisoned dart. The poisoned dart hits the ogre.
The ogre looks even sicker.
The ogre is lightly wounded.
Throw: 5 darts (poison)
Press: ? - help, Q - select action, (/) - cycle Shift-Dir - straight line, f/p - ogre
Aim: an ogre, wielding a +0 giant club (lightly wounded, very poisoned, 71% to hit)
You throw a poisoned dart.
The poisoned dart barely misses the ogre.
You closely miss the ogre.
The ogre is moderately wounded.
The ogre hits you with a +0 giant club!!
Ouch! That really hurt!
* * * LOW HITPOINT WARNING * * *
Casting: Vampiric Draining (dangerous; 9% risk of failure)
Confirm with . or Enter, or press ? or * to list all spells.
You blink.
You feel stable enough to blink again.
You see here a +0 dagger.
There is a stone staircase leading up here.
Casting: Blink (safe; 5% risk of failure)
Confirm with . or Enter, or press ? or * to list all spells.
Aiming: Magic Dart (safe; 6% risk of failure)
Press: ? - help, Shift-Dir - straight line, f/p - ogre
Aim: an ogre, wielding a +0 giant club (severely wounded, 100% to hit)
The magic dart hits the ogre.
The ogre is severely wounded.
Casting: Magic Dart (safe; 6% risk of failure)
Confirm with . or Enter, or press ? or * to list all spells.
Aiming: Vampiric Draining (dangerous; 9% risk of failure)
Press: ? - help, Shift-Dir - straight line, f/p - ogre
Aim: an ogre, wielding a +0 giant club (severely wounded)
You miscast Vampiric Draining.
You are very lightly contaminated with residual magic.
Nothing appears to happen.
The ogre hits you with a +0 giant club!!
Ouch! That really hurt!
You die...

##############.## # # #.#
############ # ###.# #...........
# #...# #.########## # #.### #.#
#.. ######### #.# #.# #.#
.##>....# #.# ##.## #.#
.....##.####.########...#######.#
................@O....#.........#
.....##.................#########
....<........#######.#.##
..#.#######..# ##.#.##########
..#....####..# #............).
..#.###......# ##.############
...## ##.##.## #.# ...# #....#
#.# .#.## ##.#### #.#


You could see an ogre.

Vanquished Creatures
  2 scorpions (D:5)
  A gnoll bouda (D:4)
  3 hounds
  3 iguanas
  A sleepcap (D:5)
  12 gnolls
  8 adders
  A white imp (D:5)
  A worm (D:4)
  3 dart slugs
  9 orcs
  4 endoplasms
  8 goblins
  5 hobgoblins
  A quokka (D:1)
  6 ball pythons
  4 bats
  4 frilled lizards
  5 kobolds
  A rat (D:2)
82 creatures vanquished.

Notes
Turn   | Place    | Note
-------+----------+-------------------------------------------
     0 | D:1      | Esekla the Deep Elf Wanderer began the quest for the Orb.
     0 | D:1      | Esekla set off with the following items: a +0 club, a
                  | potion of lignification, a +0 robe, a +0 buckler; and the
                  | following spells available to memorise: Apportation, Blink,
                  | Lesser Beckoning, Magic Dart, Ignite Poison, Vampiric
                  | Draining.
     0 | D:1      | Reached XP level 1. HP: 10/10 MP: 7/7
     2 | D:1      | Learned a level 1 spell: Magic Dart
     4 | D:1      | Learned a level 1 spell: Apportation
   377 | D:4      | Found a radiant altar of Vehumet.
   388 | D:4      | Found an iron altar of Okawaru.
   399 | D:4      | Found a glowing silver altar of Zin.
   490 | D:4      | Became a worshipper of Vehumet
   831 | D:2      | Noticed a black bear
   877 | D:2      | Reached XP level 2. HP: 15/15 MP: 6/9
   880 | D:2      | Learned a level 2 spell: Blink
   915 | D:2      | Found Renulab's Jewellery Shop.
  1018 | D:2      | Reached skill level 5 in Spellcasting
  1085 | D:3      | Identified the +5 rapier of the Hero {heavy, rN+ Dex+3}
  1297 | D:3      | Reached XP level 3. HP: 12/19 MP: 9/11
  1301 | D:3      | Learned a level 3 spell: Vampiric Draining
  1403 | D:3      | Found a stormy altar of Qazlal.
  1417 | D:3      | Reached skill level 1 in Necromancy
  1424 | D:3      | Reached XP level 4. HP: 10/24 MP: 13/13
  1488 | D:3      | Found a bloodstained altar of Trog.
  1491 | D:3      | Found a hazy altar of Hepliaklqana.
  1630 | D:5      | Entered Level 5 of the Dungeon
  1635 | D:5      | Reached skill level 6 in Spellcasting
  1784 | D:4      | Reached * piety under Vehumet
  1784 | D:4      | Offered knowledge of Kiss of Death by Vehumet.
  1868 | D:5      | Got the Parchment of the Lumpy Olives
  1877 | D:5      | Found a shadowy altar of Dithmenos.
  2001 | D:5      | Reached skill level 1 in Dodging
  2001 | D:5      | Reached skill level 1 in Conjurations
  2001 | D:5      | Reached XP level 5. HP: 21/28 MP: 8/16
  2176 | D:4      | Found Ponaysk's Antique Weapon Boutique.
  2369 | D:4      | Found a glowing golden altar of the Shining One.
  2674 | D:5      | Reached skill level 7 in Spellcasting
  3042 | D:1      | Offered knowledge of Static Discharge by Vehumet.
  3054 | D:1      | Reached XP level 6. HP: 32/32 MP: 18/18
  3065 | D:1      | Reached ** piety under Vehumet
  3072 | D:1      | Learned a level 3 spell: Teleport Other
  3394 | D:2      | Found a faded altar of an unknown god.
  3775 | D:4      | Reached skill level 1 in Short Blades
  3964 | D:4      | Reached skill level 8 in Spellcasting
  4061 | D:5      | Reached XP level 7. HP: 32/36 MP: 18/21
  4329 | D:5      | Mangled by an ogre

Illustrated notes

Levels and vault maps discovered:
D:1:      sevenhm_arrival_forest_fort_small_3, layout_rooms,
          chequers_serial_rivers_room_b, minmay_misc_feat_five
D:2:      layout_loops_ring, dreamdust_ecumenical_altar_angels_and_demons,
          serial_shops, shop
D:3:      layout_basic, grunt_temple_overflow_open, minmay_misc_feat_iff
D:4:      layout_basic, nicolae_overflow_quartered_altars, serial_shops,
          nicolae_diamond_shop
D:5:      layout_loops_ring, lemuel_doored_altar, minmay_misc_feat_rows,
          dreamdust_wishing_well
D:6:      layout_loops_cross, fedhas_altar_fruit_tree,
          minmay_temple_entry_glass, uniq_pikel, uniq_blork_the_orc

Skill      XL: |  1  2  3  4  5  6 |
---------------+-------------------+-----
Spellcasting   | 5 6 7 8 |  8.9
Necromancy     | 1 2 3 |  3.1
Dodging        | 1 2 |  2.0
Conjurations   | 1 |  1.3
Short Blades   | 1 |  1.5
Shields        | 2 |  2.0
Throwing       | |  0.6
Stealth        | |  1.9
Translocations | |  2.8
Invocations    | |  1.0

Action                     |  1- 3 |  4- 6 |  7- 9 || total
---------------------------+-------+-------+-------++-------
  Melee: Short sword       |    11 |       |       ||    11
         Rapier            |    22 |    69 |       ||    91
         Dagger            |       |    39 |    24 ||    63
  Throw: Dart              |       |    17 |     3 ||    20
   Cast: Magic Dart        |    27 |    59 |     7 ||    93
         Apportation       |    18 |    37 |     5 ||    60
         Vampiric Draining |       |    19 |     1 ||    20
         Blink             |       |       |     1 ||     1
    Use: Scroll            |     1 |       |       ||     1
   Stab: Sleeping          |     1 |     7 |       ||     8
 Armour: Robe              |    21 |    23 |     6 ||    50
  Dodge: Dodged            |    33 |    57 |    12 ||   102
  Block: Buckler           |     9 |    22 |     9 ||    40
